 Dungeon Crawl Stone Soup version 0.31-a0-819-gf6de2f5ab6 (webtiles) character file.

Game seed: 13916436352529088803

79 qw the Shooter (level 4, -9/27 HPs)
             Began as a Gargoyle Hunter on Sept 23, 2023.
             Killed by divine providence
             ... invoked by an orc priest
              (13 damage)
             ... on level 3 of the Dungeon.
             The game lasted 00:00:24 (1323 turns).

qw the Shooter (Gargoyle Hunter)                    Turns: 1323, Time: 00:00:24

Health: -9/27      AC:  9    Str: 15    XL:     4   Next: 37%
Magic:  4/4        EV: 11    Int:  9    God:
Gold:   53         SH:  0    Dex: 15    Spells: 3/3 levels left

rFire   . . .        Y - +0 shortbow
rCold   . . .        (shield currently unavailable)
rNeg    + . .        f - +0 ring mail
rPois   inf          (no helmet)
rElec   +            (no cloak)
rCorr   .            (no gloves)
SInv    .            (no boots)
Will    .....        (no amulet)
Stlth   +            (no ring)
HPRegen 0.24/turn    (no ring)
MPRegen 0.09/turn

%: no passive effects
@: no status effects
A: sickness immunity, AC +3, negative energy resistance 1, electricity
resistance, torment resistance 1, petrification resistance
a: no special abilities


You were on level 3 of the Dungeon.
You visited 1 branch of the dungeon, and saw 3 of its levels.

You collected 53 gold pieces.


Innate Abilities, Weirdness & Mutations

You are immune to sickness and miasma.
Your stone body is resilient. (AC +3)
You are immune to poison.
You resist negative energy. (rN+)
You are resistant to electric shocks. (rElec)
You are resistant to unholy torment.
You are immune to petrification.


   Skills:
 + Level 2.7 Fighting
 - Level 5.0 Ranged Weapons
 - Level 2.2 Armour
 - Level 1.5 Dodging
 - Level 1.1 Stealth


You had 3 spell levels left.
You didn't know any spells.
Your spell library was empty.

Inventory:

Hand Weapons
 Y - a +0 shortbow (weapon)
Armour
 f - a +0 ring mail (worn)
Potions
 d - a potion of resistance {unknown}

Dungeon Overview and Level Annotations

Branches:
Dungeon (3/15)

Altars:

Shops:
D:3 :


Message History

The orc is heavily wounded.
The orc wizard casts a spell at you. The magic dart hits you.
You shoot an arrow. The arrow barely misses the orc wizard.
The arrow hits the orc but does no damage.
The orc is heavily wounded.
The orc wizard hits you but does no damage.
The orc priest miscasts a cantrip.
You shoot an arrow. The arrow hits the orc.
The orc is severely wounded.
The orc priest calls upon Beogh to heal the orc wizard.
The orc wizard is healed somewhat.
The orc hits you but does no damage.
You hear a shout!
You shoot an arrow.
The arrow hits the orc but does no damage.
The orc is severely wounded.
The orc hits you with a +0 mace.
You shoot an arrow. The arrow closely misses the orc.
The arrow hits the orc wizard.
The orc wizard is heavily wounded.
The orc completely misses you. The orc closely misses you.
You shoot an arrow.
The arrow hits the orc but does no damage.
The orc is severely wounded.
The orc hits you but does no damage.
You shoot an arrow.
The arrow hits the orc but does no damage.
The orc is severely wounded.
The orc priest calls upon Beogh to heal the orc wizard.
The orc wizard is healed somewhat.
The orc hits you with a +0 mace.
You shoot an arrow. The arrow barely misses the orc.
The arrow hits the orc wizard.
The orc wizard is moderately wounded.
The orc hits you but does no damage.
You shoot an arrow.
The arrow hits the orc but does no damage.
The orc is severely wounded.
The orc priest calls down the wrath of Beogh upon you.
Beogh smites you!
You die...

###################
............<.....#
#########.###@#####.#
.# #.........# #o# .#
#.######### #o# .#
#..........


.oo .# #..######## .## .# #..# #. .# #..# #. .###..# #. ......# You could see an
orc priest, an orc wizard and 2 orcs.

Vanquished Creatures
  Terence (D:2)
  An orc wizard (D:3)
  An adder (D:2)
  A dart slug (D:2)
  4 bats
  3 endoplasms
  3 giant cockroaches
  A goblin (D:2)
  5 hobgoblins
  A quokka (D:1)
  3 ball pythons
  A frilled lizard (D:1)
  A rat (D:2)
26 creatures vanquished.

Notes
Turn   | Place    | Note
-------+----------+-------------------------------------------
     0 | D:1      | qw the Gargoyle Hunter began the quest for the Orb.
     0 | D:1      | Reached XP level 1. HP: 12/12 MP: 1/1
     0 | D:1      | 0 ||| qw: Version: 0.3-a-83-gcd0e7d8
     0 | D:1      | 0 ||| qw: Game counter: 1566
     0 | D:1      | 0 ||| qw: Melee chars always use a shield: true
     0 | D:1      | 0 ||| qw: God list: Okawaru
     0 | D:1      | 0 ||| qw: Allow faded altars: false
     0 | D:1      | 0 ||| qw: Do Orc after clearing Dungeon:15 true
     0 | D:1      | 0 ||| qw: Do second Lair branch before Depths: true
     0 | D:1      | 0 ||| qw: Lair rune preference: random
     0 | D:1      | 0 ||| qw: Goals: Normal
     0 | D:1      | 0 ||| PLANNING D:1-11
   115 | D:1      | Reached XP level 2. HP: 17/17 MP: 2/2
   277 | D:1      | 277 ||| DROPPING +2 sling of flaming.
   716 | D:1      | 716 ||| UPGRADING to +0 ring mail.
   726 | D:1      | 726 ||| DROPPING +0 leather armour.
   727 | D:1      | 727 ||| READING scroll labelled TUUWACIXTE.
   732 | D:1      | 732 ||| READING scroll labelled REWNOCL DEGA.
   733 | D:1      | 733 ||| DROPPING scroll of butterflies.
   860 | D:2      | Noticed Terence
   871 | D:2      | HP: 1/17 [Terence/+0 mace (5)]
   872 | D:2      | Killed Terence
   873 | D:2      | Reached XP level 3. HP: 1/21 MP: 3/3
  1007 | D:2      | Reached XP level 4. HP: 26/26 MP: 4/4
  1065 | D:2      | Reached skill level 5 in Ranged Weapons
  1121 | D:2      | You fall into a shaft and drop 1 floor!
  1127 | D:3      | Found Muanimak's Book Emporium.
  1198 | D:3      | 1198 ||| READING scroll labelled BAAFRO TOMYIHI.
  1199 | D:3      | 1199 ||| READING scroll labelled VOENNIUXT.
  1306 | D:3      | 1306 ||| RETREEAATING.
  1321 | D:3      | HP: 4/27 [orc/+0 mace (5)]
  1323 | D:3      | Killed from afar by an orc priest

Levels and vault maps discovered:
D:1:      evilmike_arrival_hilbert_curve, layout_loops_ring,
          hangedman_decor_riveting, minmay_misc_feat_rows
D:2:      cheibrodos_greedy_goblins, layout_loops_corners,
          shapermc_ecumenical_altar_mp_vishouse, uniq_terence
D:3:      layout_loops_ring, mainiacjoe_overflow_small_starburst, serial_shops,
          nicolae_shop_competitors_out_of_business, nicolae_shop_crystal, shop,
          shop_statue, dreamdust_mushroom_princess, kennysheep_jessica_study

Skill      XL: |  1  2  3  4 |
---------------+-------------+-----
Armour         | 2 |  2.2
Ranged Weapons | 5 |  5.0
Fighting       | |  2.7
Dodging        | |  1.5
Stealth        | |  1.1

Action                     |  1- 3 |  4- 6 || total
---------------------------+-------+-------++-------
   Fire: Shortbow          |    58 |    30 ||    88
    Use: Scroll            |     2 |     2 ||     4
 Armour: Leather armour    |     2 |       ||     2
         Ring mail         |    10 |    16 ||    26
  Dodge: Dodged            |     9 |     5 ||    14

Table legend:
 A = Non-vault XP
 B = Vault XP
 C = Vault XP percentage of total XP
 D = Non-vault monster count
 E = Vault monster count
 F = Vault count percentage of total count
                 A         B        C        D         E       F
            +---------+---------+-------+---------+---------+-------
      Total |      77 |      36 |  31.9 |      25 |       1 |   3.8
            +---------+---------+-------+---------+---------+-------
        D:1 |      24 |       0 |   0.0 |      13 |       0 |   0.0
        D:2 |      31 |      36 |  53.7 |      10 |       1 |   9.1
        D:3 |      22 |       0 |   0.0 |       2 |       0 |   0.0
            +---------+---------+-------+---------+---------+-------
